 Dungeon Crawl Stone Soup version 0.28-a0-1510-gd0f6b136d3 (webtiles) character file.

Game seed: 4233363367349179835

45 shadowrider38 the Poker (level 3, -2/28 HPs)
             Began as a Merfolk Gladiator on Jan 15, 2022.
             Killed from afar by Sigmund (6 damage)
             ... with a magic dart
             ... on level 2 of the Dungeon.
             The game lasted 00:02:20 (1069 turns).

shadowrider38 the Poker (Merfolk Gladiator)         Turns: 1069, Time: 00:02:21

Health: -2/28      AC:  4    Str: 16    XL:     3   Next: 64%
Magic:  3/3        EV: 13    Int:  7    God:
Gold:   41         SH:  0    Dex: 15    Spells: 2/2 levels left

rFire   . . .      SeeInvis .   a - +0 trident
rCold   . . .      Faith    .   (no shield)
rNeg    . . .      Spirit   .   b - +0 leather armour
rPois   .          Reflect  .   c - +0 helmet
rElec   .          Harm     .   (no cloak)
rCorr   .          Rampage  .   (no gloves)
Will    .....                   (no boots)
Stlth   ++........              (no amulet)
HPRegen 0.09/turn               (no ring)
MPRegen 0.08/turn               (no ring)

@: no status effects
A: (nimble swimmer 2), mertail
a: no special abilities


You were on level 2 of the Dungeon.
You visited 1 branch of the dungeon, and saw 2 of its levels.

You collected 41 gold pieces.

Inventory:

Hand Weapons
 a - a +0 trident (weapon)
Missiles
 i - 44 stones (quivered)
Armour
 b - a +0 leather armour (worn)
 c - a +0 helmet (worn)
Scrolls
 f - a scroll of silence {unknown}
Potions
 e - a potion of degeneration {unknown}
 g - a potion of attraction {unknown}
 h - 3 potions of curing {unknown}


   Skills:
 + Level 2.7 Fighting
 * Level 5.5 Polearms
 - Level 2.0 Throwing
 - Level 4.0 Dodging
 - Level 2.0 Stealth


You had 2 spell levels left.
You didn't know any spells.
Your spell library was empty.

Dungeon Overview and Level Annotations

Branches:
Dungeon (2/15)

Altars:

Annotations:
D:2 Sigmund


Innate Abilities, Weirdness & Mutations

((You are very nimble when in or above water. (Stealth+, EV+, Speed+++)))
Your lower body shifts to a powerful aquatic tail in water.


Message History

Press: ? - help, Shift-Dir - straight line, f - Sigmund
Aim: Sigmund, wielding a +0 scythe and wearing a +0 robe (57% to hit)
You throw a stone. The stone hits Sigmund.
Sigmund is lightly wounded.
Throw: 3 throwing nets
Press: ? - help, Shift-Dir - straight line, f/p - Sigmund
Aim: Sigmund, wielding a +0 scythe and wearing a +0 robe (lightly wounded, 57% to hit)
You throw a throwing net. The throwing net barely misses Sigmund.
Sigmund says, "Your kind have come here before.
I understand now why.
You desire death..."
Sigmund gestures wildly while chanting.
Sigmund flickers and vanishes!
Deactivating autopickup; reactivate with Ctrl-A.
Throw: 2 throwing nets
Press: ? - help, Shift-Dir - straight line You throw a throwing net.
Something gets caught in the net!
Something wriggles in the net.
Unknown command.
Something wriggles in the net.
You puncture something!
Something wriggles in the net.
You barely miss something. Your punch misses something.
Something wriggles in the net.
You hit something.
Something wriggles in the net.
All of a sudden the net rips apart!
You miss something. Something hits you!
You hit something. You hit something. Something hits you!
* * * LOW HITPOINT WARNING * * *
You barely miss something. Something hits you but does no damage.
You closely miss something.
Throw: throwing net
Press: ? - help, Shift-Dir - straight line You throw a throwing net.
Something gets caught in the net!
Something wriggles in the net.
Unknown command.
You puncture something!
Something wriggles in the net.
You hit something.
You hear some strange, mumbled words.
A magic dart appears from out of thin air!
The magic dart hits you.
You die...

.... ... ..
######.##
:.......####
........(..
........(# #....{#
###'#@# ...#.#
..#####.####
..........>#
.........###
.........#
.........#########
.................#
..^......#######.#


There were no monsters in sight!

Vanquished Creatures
  6 bats
  2 endoplasms (D:1)
  3 goblins
  4 hobgoblins
  4 jackals (D:2)
  3 quokkas (D:1)
  5 ball pythons (D:1)
  4 frilled lizards (D:1)
  2 kobolds (D:1)
  12 rats
45 creatures vanquished.

Notes
Turn   | Place    | Note
-------+----------+-------------------------------------------
     0 | D:1      | shadowrider38 the Merfolk Gladiator began the quest for the
                  | Orb.
     0 | D:1      | Reached XP level 1. HP: 16/16 MP: 1/1
    64 | D:1      | Reached skill level 1 in Stealth
   222 | D:1      | Reached XP level 2. HP: 22/22 MP: 2/2
   428 | D:1      | Reached skill level 5 in Polearms
   439 | D:1      | Reached XP level 3. HP: 28/28 MP: 3/3
   850 | D:2      | Found a faded altar of an unknown god.
  1051 | D:2      | Noticed Sigmund
  1069 | D:2      | Killed from afar by Sigmund

Illustrated notes

Levels and vault maps discovered:
D:1:      shiori_shiawase, layout_rooms, serial_park_tiny_2,
          minmay_rat_gold_closets
D:2:      layout_basic, ebering_ecumenical_altar_mist,
          nicolae_shop_unique_rings, dk_vineyard_3, kennysheep_generic_room_9,
          uniq_sigmund

Skill      XL: |  1  2 |
---------------+-------+-----
Stealth        | 1 2 |  2.0
Polearms       | 5 |  5.5
Fighting       | |  2.7
Throwing       | |  2.0
Dodging        | |  4.0

Action                   || total
-------------------------++-------
Melee: Trident           ||   138
       Punch             ||     1
Throw: Throwing net      ||     3
       Stone             ||     1
 Stab: Sleeping          ||    13
Armor: Leather armour    ||    24
Dodge: Dodged            ||    79

Table legend: (Time is in decaauts)
 A = Elapsed time spent in this place.
 B = Non-inter-level travel time spent in this place.
 C = Inter-level travel time spent in this place.
 D = Time resting spent in this place.
 E = Time spent auto-exploring this place.
 F = Levels seen in this place.
 G = Mean time per level.
                   A        B        C        D        E       F      G
               +--------+--------+--------+--------+--------+-----+--------+
         Total |   1074 |   1036 |     38 |    124 |    618 |   2 |  537.0 |
       Dungeon |   1074 |   1036 |     38 |    124 |    618 |   2 |  537.0 |
               +--------+--------+--------+--------+--------+-----+--------+

Top non-repeatable levels by time:
     D:1: 834 daAuts
     D:2: 240 daAuts
